 Dungeon Crawl Stone Soup version 0.28.0-47-ge53b351184 (webtiles) character file.

Game seed: 8423018843090264372

92 Dreadrock the Covered (level 4, -1/40 HPs)
             Began as a Minotaur Fighter on May 10, 2022.
             Slain by an ice beast (11 damage)
             ... on level 3 of the Dungeon.
             The game lasted 00:06:24 (2166 turns).

Dreadrock the Covered (Minotaur Fighter)            Turns: 2166, Time: 00:06:24

Health: -1/40      AC:  9    Str: 23    XL:     4   Next: 35%
Magic:  3/3        EV:  7    Int:  5    God:
Gold:   58         SH:  4    Dex:  9    Spells: 3/3 levels left

rFire   . . .      SeeInvis .   a - +0 war axe
rCold   . . .      Faith    .   c - +0 buckler
rNeg    . . .      Spirit   .   e - +0 chain mail
rPois   .          Reflect  .   (helmet restricted)
rElec   .          Harm     .   (no cloak)
rCorr   .          Rampage  .   (no gloves)
Will    .....                   (no boots)
Stlth   ..........              (no amulet)
HPRegen 0.13/turn               (no ring)
MPRegen 0.08/turn               (no ring)

@: no status effects
A: horns 2, retaliatory headbutt
a: no special abilities


You were on level 3 of the Dungeon.
You visited 1 branch of the dungeon, and saw 3 of its levels.

You collected 58 gold pieces.

Inventory:

Hand Weapons
 a - a +0 war axe (weapon)
Armour
 c - a +0 buckler (worn)
 e - a +0 chain mail (worn)
Jewellery
 b - a ring of fire
Scrolls
 f - a scroll of brand weapon {unknown}
Potions
 d - a potion of might
 g - a potion of curing {unknown}
 h - a potion of resistance {unknown}


   Skills:
 + Level 4.2 Fighting
 + Level 3.8 Axes
 + Level 4.4 Armour
 + Level 0.2 Dodging
 + Level 4.3 Shields


You had 3 spell levels left.
You didn't know any spells.
Your spell library was empty.

Dungeon Overview and Level Annotations

Branches:
Dungeon (3/15)

Altars:

Shops:
D:2 *   D:3 [


Innate Abilities, Weirdness & Mutations

You have a pair of horns on your head.
You reflexively headbutt those who attack you in melee.


Message History

You kill the bat!
A rat comes into view.
You slash the rat!
You kill the rat!
You closely miss the ice beast. The ice beast closely misses you.
You slash the ice beast!
The ice beast is moderately wounded.
The ice beast hits you but does no damage.
You hit the ice beast.
The ice beast is moderately wounded.
The ice beast barely misses you. You furiously retaliate!
You headbutt the ice beast. You block the ice beast's attack.
You barely miss the ice beast.
The ice beast is heavily wounded.
The ice beast barely misses you.
You barely miss the ice beast.
The ice beast is heavily wounded.
The ice beast hits you. The ice beast freezes you!
You closely miss the ice beast.
The ice beast is heavily wounded.
The ice beast hits you but does no damage. x2
You block the ice beast's attack.
You see here a rat corpse.
You hit the ice beast but do no damage.
The ice beast is heavily wounded.
The ice beast barely misses you. You furiously retaliate!
You headbutt the ice beast. You completely miss the ice beast.
You headbutt the ice beast, but do no damage.
The ice beast is heavily wounded.
The ice beast hits you. The ice beast freezes you!
* * * LOW HITPOINT WARNING * * *
The ice beast hits you but does no damage.
You see here a +0 trident.
You block the ice beast's attack.
The ice beast hits you but does no damage.
The ice beast hits you.
* * * LOW HITPOINT WARNING * * *
The ice beast freezes you!
You die...

#..#.##.....######.###....
###.#.#####..##..##.# .
.........##......##.# ..
#..............##.####...
#.......#.....##........
##..)...#.#..........#..
##.......#......#####
##...............#
##...@<.........#
##.Y###..).....#
#..##...†.....#
#...).#.......#
##.####.......# #.<#
######### ##.# ###


You could see an ice beast.

Vanquished Creatures
  Jessica (D:2)
  2 adders (D:2)
  An adder skeleton (D:3)
  A dart slug (D:1)
  3 ball pythons (D:2)
  4 endoplasms (D:1)
  A giant cockroach (D:1)
  2 goblins (D:2)
  6 hobgoblins
  2 jackals (D:1)
  7 kobolds
  A quokka (D:1)
  3 bats
  5 frilled lizards
  4 rats
43 creatures vanquished.

Notes
Turn   | Place    | Note
-------+----------+-------------------------------------------
     0 | D:1      | Dreadrock the Minotaur Fighter began the quest for the Orb.
     0 | D:1      | Reached XP level 1. HP: 19/19 MP: 0/0
   448 | D:1      | Reached XP level 2. HP: 27/27 MP: 1/1
   898 | D:1      | Reached XP level 3. HP: 33/33 MP: 2/2
  1274 | D:2      | Found a faded altar of an unknown god.
  1446 | D:2      | Noticed Jessica
  1449 | D:2      | Killed Jessica
  1450 | D:2      | Reached XP level 4. HP: 40/40 MP: 3/3
  1518 | D:2      | Found Haloc's General Store.
  2083 | D:3      | Found Yppeam's Antique Armour Shoppe.
  2132 | D:3      | Noticed an ice beast
  2166 | D:3      | Slain by an ice beast

Illustrated notes

Levels and vault maps discovered:
D:1:      minmay_arrival_shattered_statue, layout_loops_corners,
          minmay_misc_feat_tower, chequers_serial_rivers_marsh,
          corexii_item_surrounded_by_moat
D:2:      layout_basic, ebering_ecumenical_altar_box, serial_shops,
          nicolae_diamond_shop, uniq_jessica
D:3:      cheibrodos_thug_alley, layout_rooms, vehumet_altar_wand_db,
          eat_drink_and_be_merry_uskayaw, serial_shops, nicolae_square_shop,
          kennysheep_cluttered_room, uniq_grinder

Skill      XL: |  1  2  3 |
---------------+----------+-----
Armour         | 4 |  4.4
Fighting       | 4 |  4.2
Shields        | 4 |  4.3
Axes           | 3 |  3.8
Dodging        | |  0.2

Action                   |  1- 3 |  4- 6 || total
-------------------------+-------+-------++-------
Melee: War axe           |    60 |    40 ||   100
       Headbutt          |    10 |     3 ||    13
Armor: Chain mail        |    34 |    26 ||    60
Dodge: Dodged            |    18 |    14 ||    32
Block: Buckler           |    13 |     9 ||    22
